 Dungeon Crawl Stone Soup version 0.29.0-4-gdea44cf6ec (webtiles) character file.

Game seed: 14169771238547431463

151 qw the Chopper (level 5, -4/30 HPs)
             Began as a Tengu Warper on Aug 28, 2022.
             Slain by a gnoll
             ... wielding a +0 halberd
             ... led by a gnoll bouda
              (9 damage)
             ... on level 3 of the Dungeon.
             The game lasted 00:00:16 (2910 turns).

qw the Chopper (Tengu Warper)                       Turns: 2910, Time: 00:00:17

Health: -4/30      AC: 12    Str: 13    XL:     5   Next: 33%
Magic:  9/9        EV:  4    Int: 13    God:
Gold:   124        SH:  0    Dex: 14    Spells: 8/8 levels left

rFire   . . .      SeeInvis .   Y - +1 hand axe
rCold   . . .      Faith    .   (no shield)
rNeg    . . .      Spirit   .   j - +0 plate armour
rPois   .          Reflect  .   (helmet restricted)
rElec   .          Harm     .   (no cloak)
rCorr   .          Rampage  .   d - +0 pair of gloves
Will    .....                   (boots unavailable)
Stlth   ..........              (no amulet)
HPRegen 0.10/turn               (no ring)
MPRegen 0.11/turn               (no ring)

@: weakened, flying quickly and evasively, quick
A: beak, talons 3, nimble flight
a: no special abilities


You were on level 3 of the Dungeon.
You visited 1 branch of the dungeon, and saw 3 of its levels.

You collected 124 gold pieces.


Innate Abilities, Weirdness & Mutations

You have a beak for a mouth.
You have claws for feet.
Your magical nature lets you fly swiftly and evasively.


   Skills:
 - Level 2.0 Fighting
 + Level 5.6 Axes
 - Level 1.0 Throwing
 - Level 2.0 Armour
 - Level 2.1 Dodging
 - Level 2.0 Spellcasting
 - Level 2.4 Translocations


You had 8 spell levels left.
You didn't know any spells.
Your spell library contained the following spells:

 Spells                   Type           Power      Damage    Failure   Level
 Blink                    Tloc           14%        N/A       100%        2
 Gell's Gravitas          Tloc           7%         N/A       100%        3
 Lesser Beckoning         Tloc           7%         N/A       100%        3
 Teleport Other           Tloc           7%         N/A       100%        3
 Manifold Assault         Tloc           7%         N/A       100%        5

Inventory:

Hand Weapons
 h - a +0 whip
 Y - a +1 hand axe (weapon)
Missiles
 a - 2 boomerangs (quivered)
Armour
 d - a +0 pair of gloves (worn)
 j - a +0 plate armour (worn)
Scrolls
 b - 2 scrolls of identify
 e - a scroll of poison {unknown}
Potions
 c - a potion of degeneration {unknown}
 g - a potion of haste {unknown}

Dungeon Overview and Level Annotations

Branches:
Dungeon (3/15)

Altars:

Annotations:
D:2 Sigmund


Message History

Throw: 2 boomerangs
Press: ? - help, Q - select action Shift-Dir - straight line, f/p - worm You throw a boomerang.
The boomerang barely misses the worm.
You hit the worm. You claw the worm. You peck the worm.
The worm is severely wounded.
You slash the worm!
You kill the worm!
You see here a worm corpse.
You now have 124 gold pieces (gained 18).
Things that are here:
a +0 long sword; an orc skeleton
b - a scroll of identify
Items here: %% )))) [[.
e - a scroll labelled SATETYACYI
b - 2 scrolls of identify (gained 1)
You reach down and open the door.
A gnoll bouda and a gnoll come into view.
The gnoll bouda shouts!
The gnoll shouts!
You hear a shout!
The gnoll bouda gazes fiercely through you!
You feel your attacks grow feeble.
A gnoll comes into view. It is wielding a +0 halberd.
The gnoll shouts!
Enter note:
There is an open door here.
The gnoll hits you with a +0 club.
The gnoll hits you from afar with a +0 halberd!
You hit the gnoll. You claw the gnoll, but do no damage.
The gnoll is moderately wounded.
The gnoll hits you but does no damage. The gnoll closely misses you.
You hit the gnoll. Your kick misses the gnoll.
The gnoll is almost dead.
The gnoll hits you but does no damage.
The gnoll hits you from afar with a +0 halberd!
You closely miss the gnoll. You claw the gnoll, but do no damage.
The gnoll is almost dead.
The gnoll hits you but does no damage. x2
You hit the gnoll but do no damage. You claw the gnoll.
You kill the gnoll!
The gnoll hits you from afar with a +0 halberd!
You die...

#...#..####
#...##..#
#...# #.#
#...# ...
#########...#
.#
............#
.
######.....#
#####.....#
#.g@'.....#
#g###.....# #
#.....#
#.....#
#.....#
#.....#
#.....#
#.....#


You could see a gnoll bouda and a gnoll.

Vanquished Creatures
  An orc priest (D:3)
  An orc wizard (D:3)
  Terence (D:2)
  A gnoll (D:3)
  A worm (D:3)
  A dart slug (D:2)
  2 orcs (D:3)
  4 ball pythons
  5 bats
  6 endoplasms
  3 giant cockroaches
  6 hobgoblins
  4 jackals (D:2)
  5 quokkas (D:2)
  4 frilled lizards
  8 goblins
  4 kobolds (D:1)
  3 rats
60 creatures vanquished.

Notes
Turn   | Place    | Note
-------+----------+-------------------------------------------
     0 | D:1      | qw the Tengu Warper began the quest for the Orb.
     0 | D:1      | Reached XP level 1. HP: 12/12 MP: 4/4
     0 | D:1      | 0 ||| qw: Version: 0.1-a-89-g26bdef1
     0 | D:1      | 0 ||| qw: Game counter: 2497
     0 | D:1      | 0 ||| qw: Always use a shield: true
     0 | D:1      | 0 ||| qw: God list: Okawaru
     0 | D:1      | 0 ||| qw: Allow faded altars: false
     0 | D:1      | 0 ||| qw: Do Orc after D:15 true
     0 | D:1      | 0 ||| qw: Do second Lair branch before Depths: true
     0 | D:1      | 0 ||| qw: Lair rune preference: random
     0 | D:1      | 0 ||| qw: Plans: Normal
     0 | D:1      | 0 ||| PLANNING D:1-11
   189 | D:1      | 189 ||| Stepping ~*~*~tactically~*~*~ (stealth).
   191 | D:1      | 191 ||| Stepping ~*~*~tactically~*~*~ (stealth).
   192 | D:1      | 192 ||| Stepping ~*~*~tactically~*~*~ (stealth).
   193 | D:1      | 193 ||| Stepping ~*~*~tactically~*~*~ (stealth).
   194 | D:1      | 194 ||| Stepping ~*~*~tactically~*~*~ (stealth).
   195 | D:1      | 195 ||| Stepping ~*~*~tactically~*~*~ (stealth).
   196 | D:1      | 196 ||| Stepping ~*~*~tactically~*~*~ (stealth).
   197 | D:1      | 197 ||| Stepping ~*~*~tactically~*~*~ (stealth).
   198 | D:1      | 198 ||| Stepping ~*~*~tactically~*~*~ (stealth).
   199 | D:1      | 199 ||| Stepping ~*~*~tactically~*~*~ (stealth).
   203 | D:1      | Reached XP level 2. HP: 11/17 MP: 6/6
   221 | D:1      | 221 ||| Stepping ~*~*~tactically~*~*~ (stealth).
   341 | D:1      | 341 ||| Stepping ~*~*~tactically~*~*~ (stealth).
   343 | D:1      | 343 ||| Stepping ~*~*~tactically~*~*~ (stealth).
   344 | D:1      | 344 ||| Stepping ~*~*~tactically~*~*~ (stealth).
   345 | D:1      | 345 ||| Stepping ~*~*~tactically~*~*~ (stealth).
   347 | D:1      | Reached skill level 3 in Axes
   896 | D:1      | Found a faded altar of an unknown god.
   949 | D:1      | 949 ||| Stepping ~*~*~tactically~*~*~ (stealth).
   952 | D:1      | 952 ||| Stepping ~*~*~tactically~*~*~ (stealth).
   953 | D:1      | 953 ||| Stepping ~*~*~tactically~*~*~ (stealth).
   976 | D:1      | Reached XP level 3. HP: 17/21 MP: 7/7
  1215 | D:1      | 1215 ||| UPGRADING to +0 ring mail.
  1225 | D:1      | 1225 ||| DROPPING +0 leather armour.
  1226 | D:1      | 1226 ||| DROPPING amulet of magic regeneration.
  1227 | D:1      | 1227 ||| DROPPING ring of wizardry.
  1228 | D:1      | 1228 ||| READING scroll labelled DECHESM APPUE.
  1229 | D:1      | 1229 ||| READING scroll labelled XOTZAU ABBY.
  1230 | D:1      | 1230 ||| READING scroll labelled QEGUPR SUITH.
  1231 | D:1      | 1231 ||| READING scroll labelled UTWUKAFAICW.
  1232 | D:1      | 1232 ||| READING scroll labelled NICSOG GUOSU.
  1333 | D:1      | 1333 ||| READING 2 scrolls labelled NAALES YNUM.
  1334 | D:1      | 1334 ||| DROPPING scroll of blinking.
  1335 | D:1      | 1335 ||| DROPPING scroll of fog.
  1375 | D:2      | 1375 ||| Stepping ~*~*~tactically~*~*~ (hiding).
  1384 | D:2      | Reached skill level 4 in Axes
  1839 | D:2      | 1839 ||| Stepping ~*~*~tactically~*~*~ (stealth).
  2017 | D:2      | Reached XP level 4. HP: 26/26 MP: 8/8
  2048 | D:2      | Noticed Sigmund
  2052 | D:2      | 2052 ||| Stepping ~*~*~tactically~*~*~ (stealth).
  2053 | D:2      | 2053 ||| FLEEEEING.
  2054 | D:2      | 2054 ||| FLEEEEING.
  2056 | D:2      | 2056 ||| FLEEEEING.
  2057 | D:2      | 2057 ||| FLEEEEING.
  2059 | D:2      | 2059 ||| FLEEEEING.
  2060 | D:2      | 2060 ||| FLEEEEING.
  2061 | D:2      | 2061 ||| FLEEEEING.
  2062 | D:2      | 2062 ||| FLEEEEING.
  2063 | D:2      | 2063 ||| FLEEEEING.
  2065 | D:2      | 2065 ||| FLEEEEING.
  2066 | D:2      | 2066 ||| FLEEEEING.
  2067 | D:2      | 2067 ||| FLEEEEING.
  2068 | D:2      | 2068 ||| FLEEEEING.
  2069 | D:2      | 2069 ||| FLEEEEING.
  2070 | D:2      | 2070 ||| FLEEEEING.
  2071 | D:2      | 2071 ||| FLEEEEING.
  2072 | D:2      | 2072 ||| FLEEEEING.
  2073 | D:2      | 2073 ||| FLEEEEING.
  2074 | D:2      | 2074 ||| FLEEEEING.
  2075 | D:2      | 2075 ||| FLEEEEING.
  2076 | D:2      | 2076 ||| FLEEEEING.
  2077 | D:2      | 2077 ||| FLEEEEING.
  2078 | D:2      | 2078 ||| FLEEEEING.
  2079 | D:2      | 2079 ||| STAIRDANCE
  2124 | D:1      | 2124 ||| UPGRADING to +0 pair of gloves.
  2129 | D:1      | 2129 ||| UPGRADING to +0 chain mail.
  2139 | D:1      | 2139 ||| DROPPING +0 ring mail.
  2140 | D:1      | 2140 ||| UPGRADING to +0 plate armour.
  2150 | D:1      | 2150 ||| DROPPING +0 chain mail.
  2151 | D:1      | 2151 ||| READING scroll labelled COUWEENOE HADU.
  2152 | D:1      | 2152 ||| READING scroll labelled SISTRO JE ZEKAQ.
  2155 | D:1      | 2155 ||| DRINKING 2 metallic blue potions.
  2204 | D:2      | Noticed Terence
  2210 | D:2      | 2210 ||| Stepping ~*~*~tactically~*~*~ (stealth).
  2211 | D:2      | Killed Terence
  2245 | D:2      | 2245 ||| FLEEEEING.
  2541 | D:3      | 2541 ||| DRINKING potion of curing.
  2541 | D:3      | 2541 ||| (to cure confusion)
  2544 | D:3      | Reached skill level 5 in Axes
  2547 | D:3      | Gained mutation: Your magical nature lets you fly swiftly
                  | and evasively. [Tengu growth]
  2547 | D:3      | Reached XP level 5. HP: 13/30 MP: 9/9
  2550 | D:3      | HP: 4/30 [orc priest/nerve-wracking pain (10)]
  2556 | D:3      | HP: 1/30 [orc/+0 mace (2)]
  2739 | D:3      | 2739 ||| FLEEEEING.
  2740 | D:3      | 2740 ||| FLEEEEING.
  2741 | D:3      | 2741 ||| FLEEEEING.
  2742 | D:3      | 2742 ||| FLEEEEING.
  2743 | D:3      | 2743 ||| FLEEEEING.
  2744 | D:3      | 2744 ||| FLEEEEING.
  2745 | D:3      | 2745 ||| FLEEEEING.
  2746 | D:3      | 2746 ||| FLEEEEING.
  2764 | D:3      | 2764 ||| FLEEEEING.
  2782 | D:3      | 2782 ||| FLEEEEING.
  2783 | D:3      | 2783 ||| FLEEEEING.
  2788 | D:3      | 2788 ||| STAIRDANCE
  2908 | D:3      | HP: 5/30 [gnoll/+0 halberd[a gnoll bouda] (12)]
  2910 | D:3      | Slain by a gnoll

Levels and vault maps discovered:
D:1:      lordsloth_arrival_two_stooges, layout_basic,
          shapermc_ecumenical_altar_venn, minmay_misc_feat_five, hex_large
D:2:      layout_loops_ring, uniq_terence, uniq_sigmund
D:3:      layout_basic

Skill      XL: |  1  2  3  4 |
---------------+-------------+-----
Axes           | 3 4 5 |  5.6
Armour         | 2 |  2.0
Fighting       | |  2.0
Throwing       | |  1.0
Dodging        | |  2.1
Spellcasting   | |  2.0
Translocations | |  2.4

Action                   |  1- 3 |  4- 6 || total
-------------------------+-------+-------++-------
Melee: Hand axe          |    92 |    43 ||   135
       Kick              |    24 |    18 ||    42
       Peck              |    15 |     5 ||    20
       Punch             |     1 |       ||     1
Throw: Boomerang         |    21 |     8 ||    29
  Use: Scroll            |     6 |     2 ||     8
       Potion            |       |     2 ||     2
Armor: Leather armour    |     5 |       ||     5
       Ring mail         |    18 |     1 ||    19
       Plate armour      |       |    16 ||    16
Dodge: Dodged            |    52 |     9 ||    61

Table legend:
 A = Non-vault XP
 B = Vault XP
 C = Vault XP percentage of total XP
 D = Non-vault monster count
 E = Vault monster count
 F = Vault count percentage of total count
                 A         B        C        D         E       F
            +---------+---------+-------+---------+---------+-------
      Total |     199 |      32 |  13.9 |      59 |       1 |   1.7
            +---------+---------+-------+---------+---------+-------
        D:1 |      42 |       0 |   0.0 |      25 |       0 |   0.0
        D:2 |      51 |      32 |  38.6 |      26 |       1 |   3.7
        D:3 |     106 |       0 |   0.0 |       8 |       0 |   0.0
            +---------+---------+-------+---------+---------+-------
